 Dungeon Crawl Stone Soup version 0.15-a0-1472-ge546950 (webtiles) character file.

66 Psiweapon the Ruffian (level 4, -2/38 HPs)
             Began as a Naga Transmuter on June 13, 2014.
             Slain by a gnoll (7 damage)
             ... on Level 2 of the Dungeon.
             The game lasted 00:06:30 (2124 turns).

Psiweapon the Ruffian (Naga Transmuter)             Turns: 2124, Time: 00:06:30

HP  -2/38        AC  2     Str 13      XL: 4   Next: 15%
MP   5/7         EV 10     Int 14      God:
Gold 46          SH  0     Dex 11      Spells:  1 memorised,  6 levels left

rFire  + . .     SeeInvis +       - Unarmed
rCold  + . .     Clarity  .     c - +0 robe
rNeg   . . .     rCorr    .     (no shield)
rPois  +         rRot     .     (helmet restricted)
rElec  +         Spirit   .     (no cloak)
SustAb .         Warding  .     (no gloves)
rMut   .         Stasis   .     (no barding)
Gourm  .                        (no amulet)
MR     .....                    (no ring)
                                (no ring)

@: short of breath, appendage (expiring), resistant, very slow, not resistant to
hostile enchantments, unstealthy
A: spit poison, horns 2, see invisible, deformed body, poison resistance,
slowness 2, AC +1
a: Spit Poison, End Transformation


You were on level 2 of the Dungeon.
You were not hungry.
You had grown temporary horns.
You visited 1 branch of the dungeon, and saw 2 of its levels.

You collected 46 gold pieces.

Inventory:

Hand weapons
 j - a +0,+0 dagger
Missiles
 b - 38 arrows
 f - 22 bolts
 q - 25 sling bullets
Armour
 c - a +0 robe (worn)
 g - a +2 ring mail of cold resistance
 n - a +0 leather armour
Comestibles
 a - 3 bread rations
 k - 3 meat rations
 m - a rotting chunk of kobold flesh
Scrolls
 e - a scroll of amnesia {unknown}
 h - a scroll of magic mapping {unknown}
 i - 2 scrolls of remove curse {unknown}
Potions
 l - a potion of agility {unknown}
 o - a potion of heal wounds {unknown}
 p - a potion of resistance
 r - a potion of curing {unknown}
Books
 d - a book of Changes

   Spells                             Type                      Level
   *Beastly Appendage                 Transmutation                1
   Sticks to Snakes                   Transmutation                2
   Spider Form                        Transmutation/Poison         3
   Ice Form                           Ice/Transmutation            4
   Blade Hands                        Transmutation                5


   Skills:
 - Level 1.0 Fighting
 - Level 1.5 Dodging
 + Level 3.6 Stealth
 + Level 4.2 Unarmed Combat
 - Level 2.0 Spellcasting
 - Level 2.0 Transmutations


You had 6 spell levels left.
You knew the following spells:

 Your Spells              Type           Power        Failure   Level  Hunger
a - Beastly Appendage     Trmt           #.....       12%         1    ##.....


Dungeon Overview and Level Annotations

Branches:
Dungeon (2/15)

Altars:


Innate Abilities, Weirdness & Mutations

You cannot wear boots.
You can spit poison.
Your serpentine skin is tough (AC +1).
You have supernaturally acute eyesight.
Armour fits poorly on your strangely shaped body.
Your system is resistant to poisons.
You cover ground very slowly.
You have a pair of horns on your head.


Message History

You completely miss the gnoll.
The gnoll is almost dead.
The gnoll hits you with a halberd.
* * * LOW HITPOINT WARNING * * *
The gnoll closely misses you.
You barely miss the gnoll. You headbutt the gnoll.
You kill the gnoll!
You have reached level 4!
You feel clever. The gnoll hits you.
* * * LOW HITPOINT WARNING * * *
Use which ability? (? or * to list)
Press: ? - help, Shift-Dir - straight line, f - gnoll
Aim: a gnoll The splash of poison misses the gnoll.
You feel slightly more hungry. The gnoll closely misses you.
Drink which item? (? for menu, Esc to quit)
You feel protected.
It was a potion of resistance.
The gnoll hits you!
You die...

# ########### #.###
..........# #....##
..........# #......
l..........# #......
...........####### #......
..........@).....# #..#.##
.........g......# #......
########........####..#..#
+........'..)......
#........#.##......
####'#####.##..##.# #.#
#......... #.# #.........
#.# #.###.#.#.


You could see a gnoll.

Vanquished Creatures
  2 adders (D:2)
  A gnoll (D:2)
  A worm (D:1)
  A giant gecko (D:1)
  An ooze (D:1)
  A giant cockroach (D:1)
  7 goblins (D:1)
  3 hobgoblins (D:1)
  4 bats
  2 giant newts (D:1)
  4 kobolds (D:1)
  4 rats
31 creatures vanquished.

Notes
Turn   | Place    | Note
--------------------------------------------------------------
     0 | D:1      | Psiweapon, the Naga Transmuter, began the quest for the Orb.
     0 | D:1      | Reached XP level 1. HP: 18/18 MP: 3/3
   338 | D:1      | Reached skill level 1 in Stealth
   661 | D:1      | Reached XP level 2. HP: 15/25 MP: 2/4
  1168 | D:1      | Reached XP level 3. HP: 22/31 MP: 4/6
  1861 | D:1      | Reached skill level 4 in Unarmed Combat
  2122 | D:2      | Reached XP level 4. HP: 8/38 MP: 5/7
  2124 | D:2      | Slain by a gnoll

Action                   |  1- 3 |  4- 6 || total
-------------------------+-------+-------++-------
Melee: Unarmed           |   107 |       ||   107
       Dagger            |     2 |       ||     2
 Cast: Beastly Appendage |    20 |       ||    20
 Abil: Spit Poison       |     9 |     1 ||    10
  Use: Potion            |       |     1 ||     1
